[Event "Late-Titled-Tuesday-Blitz-June-18-2024"]
[Site "Chess.com"]
[Date "2024.06.18"]
[Round "6"]
[White "AlexeiShirov"]
[Black "harshu27"]
[Result "1-0"]
[WhiteElo "2861"]
[BlackElo "2561"]
[TimeControl "180+1"]
[EndTime "15:06:45 PDT"]
[Termination "AlexeiShirov won by resignation"]

1. e4 e5 2. Nf3 Nc6 3. Bc4 Nf6 4. d3 Bc5 5. Bg5 h6 6. Bh4 g5 7. Bg3 d6 8. c3 a5 9. O-O Ba7 10. Re1 O-O 11. d4 Qe7 12. Nbd2 exd4 13. e5 dxe5 14.
Nxe5 Nxe5 15. Bxe5 dxc3 16. Bxc3 Be6 17. Qf3 Ng4 18. Qxg4 Qc5 19. Rxe6 Qxf2+ 20. Kh1 fxe6 21. Qxe6+ Rf7 22. Rf1 1-0

[Event "Late-Titled-Tuesday-Blitz-June-18-2024"]
[Site "Chess.com"]
[Date "2024.06.18"]
[Round "6"]
[White "rychessmaster1"]
[Black "Javokhir_Sindarov05"]
[Result "1-0"]
[WhiteElo "2758"]
[BlackElo "3036"]
[TimeControl "180+1"]
[EndTime "15:06:47 PDT"]
[Termination "rychessmaster1 won by resignation"]

1. d4 Nf6 2. c4 g6 3. Nc3 Bg7 4. e4 d6 5. Nf3 O-O 6. Be2 c5 7. d5 e6 8. h3 exd5 9. exd5 Bf5 10. g4 Be4 11. O-O Bxf3 12. Bxf3 Nbd7 13. Bf4 Ne8 14. Qd2 f5 15. gxf5 Rxf5 16. Bg4 Rf8 17.
Rae1 Ne5 18. Bxe5 Bxe5 19. Ne4 Ng7 20. Kg2 Rf4 21. Nxc5 Qh4 22. Rxe5 Rxg4+ 23. hxg4 Qxg4+ 24. Kh2 dxe5 25. d6 b6 26. Qd5+ Kf8 27. Qxa8+ Ne8 28. d7 Qh4+ 29. Kg1 1-0

[Event "Late-Titled-Tuesday-Blitz-June-18-2024"]
[Site "Chess.com"]
[Date "2024.06.18"]
[Round "6"]
[White "Pachonpower"]
[Black "SoCalJuniorChess"]
[Result "1-0"]
[WhiteElo "2435"]
[BlackElo "2220"]
[TimeControl "180+1"]
[EndTime "15:06:47 PDT"]
[Termination "Pachonpower won by resignation"]

1. d4 Nf6 2. Nf3 c5 3. d5 b5 4. e4 Nxe4 5. Bd3 Qa5+ 6. c3 Nf6 7.
O-O d6 8. Qe2 a6 9. a4 g6 10.
axb5 Qxa1 11. Na3 Bg7 12. Bc4 O-O 13. Bg5 Qxf1+ 14. Qxf1 axb5 15. Nxb5 Ba6 16. Na3 Bxc4 17. Qxc4 Nbd7 18. Bxf6 Nxf6 19. h3 Rfb8 20. Qe2 Nxd5 21. Nc4 Ra1+ 22. Kh2 Nf4 23. Qxe7 Bf8 24. Qc7 Re8 25.
Nxd6 Bxd6 26. Qxd6 Ne6 27. Ne5 Ra7 28. Ng4 Rd8 29. Qe5 h5 30. Nf6+ Kf8 31. Ne4 Rc7 32. f4 Ke7 33. Qf6+ Kd7 34. Qxf7+ Kc6 35. Qxe6+ Kb5 36. Nd6+ Ka4 37. Qc4+ 1-0

[Event "Late-Titled-Tuesday-Blitz-June-18-2024"]
[Site "Chess.com"]
[Date "2024.06.18"]
[Round "6"]
[White "IMJonathanCarlstedt"]
[Black "Kombinator01"]
[Result "0-1"]
[WhiteElo "2585"]
[BlackElo "2458"]
[TimeControl "180+1"]
[EndTime "15:06:50 PDT"]
[Termination "Kombinator01 won by checkmate"]

1. c4 c5 2. g3 g6 3. Bg2 Bg7 4. Nc3 e6 5. Nf3 Ne7 6. d4 cxd4 7. Nxd4 O-O 8. O-O d5 9. cxd5 Nxd5 10. Nxd5 exd5 11.
b3 Nc6 12. Bb2 Nxd4 13. Bxd4 Be6 14. Rc1 Bxd4 15. Qxd4 Qa5 16. a4 Rac8 17. h4 h5 18.
Rfd1 Rfd8 19. e3 Rxc1 20. Rxc1 b6 21. Bf1 Kh7 22. Bb5 Rc8 23. Rxc8 Qe1+ 24. Kg2 Bh3+ 25. Kf3 Qh1+ 26. Kf4 Bxc8 27. Ke5 Be6 28. Kd6 Qc1 29.
f4 Qc8 30. Qe5 Qc5# 0-1

[Event "Late-Titled-Tuesday-Blitz-June-18-2024"]
[Site "Chess.com"]
[Date "2024.06.18"]
[Round "6"]
[White "Roland_Garros_2024"]
[Black "PapaieDudu"]
[Result "0-1"]
[WhiteElo "2206"]
[BlackElo "2363"]
[TimeControl "180+1"]
[EndTime "15:06:51 PDT"]
[Termination "PapaieDudu won by resignation"]

1. e4 c5 2. Nf3 d6 3. d4 cxd4 4. Nxd4 Nf6 5. Nc3 a6 6. Bg5 e5 7.
Nf5 g6 8. Ne3 h6 9. Bxf6 Qxf6 10.
Ncd5 Qd8 11. Bc4 Bg7 12. O-O O-O 13. a4 Nc6 14. c3 Rb8 15. Qe2 b5 16. axb5 axb5 17.
Bxb5 Bd7 18. Ra6 Nd4 19. cxd4 Bxb5 20. Qg4 Bxa6 21. Rc1 exd4 22. Nf5 gxf5 23. exf5 Qg5 24. Qd1 Rfe8 25. Nc7 Be2 26. Qc2 d3 27. h4 dxc2 28. hxg5 Rxb2 29. Kh2 Be5+ 30. g3 Rc8 31. Nd5 Kh8 32. Ne3 hxg5 33. Kg2 g4 34. Rh1+ Kg7 35. Rc1 Bf3+ 36. Kf1 Be4 37. Ke2 Rb1 38. Kd2 Rxc1 39. Kxc1 0-1

[Event "Late-Titled-Tuesday-Blitz-June-18-2024"]
[Site "Chess.com"]
[Date "2024.06.18"]
[Round "6"]
[White "Crazy_girl99"]
[Black "Supergiuly"]
[Result "1-0"]
[WhiteElo "2626"]
[BlackElo "2350"]
[TimeControl "180+1"]
[EndTime "15:06:53 PDT"]
[Termination "Crazy_girl99 won by resignation"]

1. e4 g6 2. d4 Bg7 3. Be3 e6 4. c3 Ne7 5. f4 O-O 6. Nd2 d5 7. e5 b6 8. Be2 Ba6 9. Ngf3 Bxe2 10. Qxe2 Nd7 11. O-O c5 12. a4 c4 13. Bf2 h5 14.
Bh4 Qc7 15. h3 Nf5 16. Bg5 Ng3 17. Qf2 Nxf1 18. Rxf1 f6 19. exf6 Bxf6 20. Qe3 Rae8 21. Bxf6 Nxf6 22. Ne5 Kg7 23. Qg3 Kh7 24. Qxg6+ Kh8 25.
Qg5 Qg7 26. Ng6+ Kg8 27. Nxf8 Rxf8 28. Qe5 Rf7 29. Qxe6 Nh7 30. Nf3 Nf6 31. Ng5 1-0

[Event "Late-Titled-Tuesday-Blitz-June-18-2024"]
[Site "Chess.com"]
[Date "2024.06.18"]
[Round "6"]
[White "JanistanTV"]
[Black "jcmesafischer"]
[Result "1-0"]
[WhiteElo "2751"]
[BlackElo "2367"]
[TimeControl "180+1"]
[EndTime "15:06:53 PDT"]
[Termination "JanistanTV won by resignation"]

1. e4 c5 2. Nf3 d6 3. d4 cxd4 4. Nxd4 Nf6 5. Nc3 a6 6. Be3 e5 7. Nf3 Be7 8. Bc4 Be6 9. Bxe6 fxe6 10. Ng5 Qd7 11. Qf3 Nc6 12. Qh3 Nd8 13. Bb6 h6 14.
Bxd8 Bxd8 15. Nxe6 Ba5 16. f4 Nxe4 17. O-O Bxc3 18.
bxc3 Nc5 19. Qh5+ Ke7 20. Nxc5 dxc5 21. Qxe5+ Kf7 22. Rad1 Qc6 23. Rd6 Qc7 24. Rf6+ 1-0

[Event "Late-Titled-Tuesday-Blitz-June-18-2024"]
[Site "Chess.com"]
[Date "2024.06.18"]
[Round "6"]
[White "ChessWarrior7197"]
[Black "matagordo"]
[Result "1-0"]
[WhiteElo "3150"]
[BlackElo "2412"]
[TimeControl "180+1"]
[EndTime "15:06:54 PDT"]
[Termination "ChessWarrior7197 won by resignation"]

1. a3 b6 2. f4 Bb7 3. Nf3 e6 4. Nc3 Nf6 5. g3 c5 6. Bg2 Be7 7. O-O O-O 8. d3 d5 9. Ne5 a6 10. e4 Qc7 11. Qe2 Nbd7 12. Nxd7 Nxd7 13. exd5 c4 14. dxc4 Bc5+ 15. Kh1 Rfe8 16. Qd3 Nf6 17. b4 Bf8 18. Bb2 Rad8 19. Rad1 exd5 20. Nxd5 Nxd5 21. cxd5 Rc8 22. Rf2 Qc4 23. Qxc4 Rxc4 24. d6 Bxg2+ 25. Kxg2 Rd8 26. d7 f6 27. f5 a5 28. b5 Rc5 29. a4 Rc4 30. Rd4 Rxd4 31. Bxd4 Rxd7 32.
Bxb6 Bb4 33. c4 Rd4 34. Bxd4 1-0

[Event "Late-Titled-Tuesday-Blitz-June-18-2024"]
[Site "Chess.com"]
[Date "2024.06.18"]
[Round "6"]
[White "slidingknight2775"]
[Black "ATM622"]
[Result "1-0"]
[WhiteElo "2699"]
[BlackElo "2542"]
[TimeControl "180+1"]
[EndTime "15:06:55 PDT"]
[Termination "slidingknight2775 won by resignation"]

1. d4 d5 2. c4 e6 3. Nf3 Nf6 4. g3 dxc4 5. Bg2 Bd7 6. Ne5 Bc6 7. Nxc6 Nxc6 8. O-O Qd7 9. e3 O-O-O 10. Qe2 h5 11. Qxc4 Nd5 12. Nc3 h4 13. Rd1 g5 14. Qe2 f5 15. e4 Nf6 16. Bxg5 Be7 17. d5 exd5 18.
exd5 Nb8 19. d6 cxd6 20. Rac1 Nc6 21. Bxf6 Bxf6 22. Nd5 Be5 23. Nb4 hxg3 24. Nxc6 gxf2+ 25. Kf1 bxc6 26. Rxc6+ Kb8 27. Qb5+ Qb7 28. Rc8+ 1-0

[Event "Late-Titled-Tuesday-Blitz-June-18-2024"]
[Site "Chess.com"]
[Date "2024.06.18"]
[Round "6"]
[White "dropstoneDP"]
[Black "Goryachkina"]
[Result "1-0"]
[WhiteElo "2974"]
[BlackElo "2668"]
[TimeControl "180+1"]
[EndTime "15:06:59 PDT"]
[Termination "dropstoneDP won on time"]

1. e4 c5 2. Nf3 Nc6 3. Bc4 e6 4. O-O a6 5. c3 b5 6. Be2 Nf6 7. e5 Nd5 8. d4 cxd4 9. cxd4 Be7 10. Nc3 Nxc3 11. bxc3 O-O 12. Bd3 Bb7 13. h4 d6 14.
Ng5 Bxg5 15. Bxg5 Qd7 16. Qh5 f5 17. exf6 gxf6 18. Bh6 Rf7 19. Rae1 Ne7 20. Re3 f5 21. Rg3+ Ng6 22. Re1 Bd5 23. Ree3 Kh8 24. Bg5 Bxa2 25. Qh6 f4 26. h5 fxg3 27. hxg6 gxf2+ 28. Kf1 Raf8 29. gxf7 Qxf7 30. Rf3 1-0

[Event "Late-Titled-Tuesday-Blitz-June-18-2024"]
[Site "Chess.com"]
[Date "2024.06.18"]
[Round "6"]
[White "Cuchulin"]
[Black "kleber2007"]
[Result "1-0"]
[WhiteElo "2288"]
[BlackElo "2467"]
[TimeControl "180+1"]
[EndTime "15:06:59 PDT"]
[Termination "Cuchulin won by checkmate"]

1. d4 Nf6 2. Bf4 g6 3. Nc3 d5 4. e3 Bg7 5. h4 h5 6. Be2 c5 7.
Nb5 Na6 8. c3 O-O 9. Nf3 Bg4 10.
Ne5 Bxe2 11. Qxe2 Nd7 12. g4 Nxe5 13. dxe5 hxg4 14. h5 gxh5 15. Rxh5 Qd7 16. O-O-O c4 17. Nd4 Nc5 18. e6 fxe6 19. Qxg4 e5 20. Qg6 exf4 21. Rdh1 Nd3+ 22. Kb1 Rf6 23. Rh8# 1-0

[Event "Late-Titled-Tuesday-Blitz-June-18-2024"]
[Site "Chess.com"]
[Date "2024.06.18"]
[Round "6"]
[White "Chaubunagungamaug1"]
[Black "DryCounty"]
[Result "0-1"]
[WhiteElo "2479"]
[BlackElo "2659"]
[TimeControl "180+1"]
[EndTime "15:07:05 PDT"]
[Termination "DryCounty won by resignation"]

1. d4 Nf6 2. c4 g6 3. Nc3 Bg7 4. e4 O-O 5. Be2 d6 6. Be3 c6 7. g4 d5 8. cxd5 cxd5 9. e5 Ne4 10.
Bf3 Nc6 11. Nge2 f5 12. exf6 exf6 13. Nxe4 dxe4 14. Bxe4 f5 15. gxf5 Bxf5 16. Bxf5 Rxf5 17. O-O Qd7 18. Qb3+ Kh8 19. Rad1 Raf8 20. d5 Ne5 21. Ng3 Nf3+ 22. Kg2 Rh5 23. Nxh5 Qg4+ 24. Kh1 Qxh5 25. Bf4 Rxf4 26. Qxf3 Qxf3+ 0-1

[Event "Late-Titled-Tuesday-Blitz-June-18-2024"]
[Site "Chess.com"]
[Date "2024.06.18"]
[Round "6"]
[White "Perecke"]
[Black "urano56"]
[Result "0-1"]
[WhiteElo "2524"]
[BlackElo "2403"]
[TimeControl "180+1"]
[EndTime "15:07:06 PDT"]
[Termination "urano56 won by resignation"]

1. d4 d5 2. c4 e6 3. Nc3 c6 4. Nf3 Nf6 5. Bg5 Nbd7 6. e3 Be7 7. Bd3 dxc4 8. Bxc4 b5 9. Bd3 a6 10. O-O Bb7 11.
a4 b4 12. Ne2 c5 13. Rc1 Rc8 14. Ng3 O-O 15. Bb1 Qa5 16. Ne5 Rfd8 17. Nxd7 Rxd7 18.
Qd3 g6 19. b3 c4 20. bxc4 Qxg5 21. c5 Rxc5 22. dxc5 Rxd3 23. Bxd3 Bxc5 24. Rfd1 Ng4 25.
Bf1 Bxe3 26. Rc2 Qh4 27. h3 Nxf2 28. Re1 Nxh3+ 29. Kh2 0-1

[Event "Late-Titled-Tuesday-Blitz-June-18-2024"]
[Site "Chess.com"]
[Date "2024.06.18"]
[Round "6"]
[White "AustinThomas12345"]
[Black "schondeln"]
[Result "0-1"]
[WhiteElo "2451"]
[BlackElo "2363"]
[TimeControl "180+1"]
[EndTime "15:07:07 PDT"]
[Termination "schondeln won by resignation"]

1. e4 d5 2. exd5 Qxd5 3. Nc3 Qa5 4. Bc4 Nf6 5. d3 Bg4 6. f3 Bd7 7. Ne2 e6 8. Bf4 Bd6 9. Qd2 a6 10. O-O O-O 11. Ne4 Qxd2 12. Nxf6+ gxf6 13. Bxd2 c5 14. d4 Nc6 15. d5 Ne5 16. dxe6 fxe6 17. Bd3 Nxd3 18.
cxd3 Bb5 19. Rfd1 Rfd8 20. Bc3 Kf7 21. a4 Bc6 22. d4 b5 23. dxc5 Bxc5+ 24. Kf1 bxa4 25.
Nd4 Be8 26. Rac1 Rac8 27. g4 Bxd4 0-1

[Event "Late-Titled-Tuesday-Blitz-June-18-2024"]
[Site "Chess.com"]
[Date "2024.06.18"]
[Round "6"]
[White "jero888"]
[Black "OIAM03"]
[Result "1-0"]
[WhiteElo "2336"]
[BlackElo "2040"]
[TimeControl "180+1"]
[EndTime "15:07:12 PDT"]
[Termination "jero888 won on time"]

1. e4 c5 2. Nf3 d6 3. Bb5+ Bd7 4.
Bxd7+ Nxd7 5. O-O g6 6. Qe2 Bg7 7. c3 Ngf6 8. d4 O-O 9. e5 dxe5 10. dxe5 Nd5 11. e6 N7b6 12. exf7+ Rxf7 13. Ng5 Rf5 14. Qe6+ Kh8 15. Nf7+ Rxf7 16. Qxf7 Qc7 17. Nd2 Rf8 18.
Qe6 Nf4 19. Qg4 h5 20. Qd1 e5 21. Ne4 Rd8 22. Qc2 Nbd5 23. Bxf4 Nxf4 24. Rad1 Rf8 25. f3 1-0

[Event "Late-Titled-Tuesday-Blitz-June-18-2024"]
[Site "Chess.com"]
[Date "2024.06.18"]
[Round "6"]
[White "JEHUBNER"]
[Black "Gyulamiryan-koryun"]
[Result "1-0"]
[WhiteElo "2091"]
[BlackElo "1660"]
[TimeControl "180+1"]
[EndTime "15:07:17 PDT"]
[Termination "JEHUBNER won by resignation"]

1. e4 e5 2. Nf3 Nc6 3. Bb5 a6 4. Ba4 Nf6 5. O-O Be7 6. c3 b5 7. Bc2 O-O 8. d4 exd4 9. cxd4 d5 10. e5 Ne4 11. Nbd2 Bf5 12. Re1 Nxd2 13. Qxd2 Bxc2 14. Qxc2 Nb4 15. Qe2 c5 16. a3 Nc6 17. Be3 c4 18.
Nd2 b4 19. axb4 Nxb4 20. f4 Nc2 21. f5 Nxa1 22. Rxa1 Bg5 23. Rf1 Bxe3+ 24. Qxe3 Rb8 25. f6 Kh8 26. Rf3 g6 27. Qh6 Rg8 28. Rh3 1-0

[Event "Late-Titled-Tuesday-Blitz-June-18-2024"]
[Site "Chess.com"]
[Date "2024.06.18"]
[Round "6"]
[White "ManMish2"]
[Black "canhhuan"]
[Result "0-1"]
[WhiteElo "2637"]
[BlackElo "2514"]
[TimeControl "180+1"]
[EndTime "15:07:22 PDT"]
[Termination "canhhuan won by resignation"]

1. e4 c5 2. c3 e6 3. Nf3 d5 4. e5 Ne7 5. d4 Nd7 6. Bd3 Nc6 7.
O-O Qb6 8. Bc2 h6 9. a3 a5 10.
a4 cxd4 11. cxd4 Nb4 12. Nc3 Nxc2 13. Qxc2 Bb4 14. Nb5 O-O 15. Bd2 Bxd2 16. Qxd2 f6 17. exf6 Nxf6 18. Ne5 Bd7 19. Nxd7 Nxd7 20. Rfe1 Rae8 21.
Re2 Rf6 22. Rae1 Nb8 23. b4 axb4 24. Qxb4 Nc6 25. Qd6 Rd8 26. Qc7 Qxc7 27. Nxc7 Nxd4 28. Rd2 Rd7 29. Ne8 Rf4 30. Red1 e5 31. f3 Kf7 32.
Re1 Kxe8 33. Rxe5+ Kf7 34. Kf2 Kf6 35. Re1 Nc6 36. Red1 Rxa4 37. Rxd5 Rxd5 38. Rxd5 Ra2+ 39. Kg3 Rb2 40. Rd7 Ne7 41. Kf4 Nf5 42. Rc7 Rb4+ 0-1

[Event "Late-Titled-Tuesday-Blitz-June-18-2024"]
[Site "Chess.com"]
[Date "2024.06.18"]
[Round "6"]
[White "PNEPaul"]
[Black "lluiss"]
[Result "0-1"]
[WhiteElo "1969"]
[BlackElo "2268"]
[TimeControl "180+1"]
[EndTime "15:07:28 PDT"]
[Termination "lluiss won by resignation"]

1. e4 c5 2. Nf3 d6 3. d4 cxd4 4. c3 dxc3 5. Nxc3 Nc6 6. Bc4 e6 7. O-O Be7 8. Qe2 a6 9. a3 Bd7 10. Rd1 Nf6 11. Bg5 Qb8 12. Rac1 O-O 13. Ba2 h6 14.
Bh4 Rd8 15. Bb1 Be8 16. Qc2 Ne5 17. Nd4 Rc8 18. f4 Neg4 19. Bxf6 Bxf6 20. e5 dxe5 21. fxe5 Qxe5 22. Qh7+ Kf8 23. Ne4 Qxh2+ 24. Kf1 Qh1+ 25.
Ke2 Qxg2+ 26. Kd3 Ne5+ 27. Ke3 Bg5+ 28. Nxg5 Qxg5+ 29. Ke2 Rxc1 0-1

[Event "Late-Titled-Tuesday-Blitz-June-18-2024"]
[Site "Chess.com"]
[Date "2024.06.18"]
[Round "6"]
[White "AlbusSevresPotter"]
[Black "stollenmonster"]
[Result "0-1"]
[WhiteElo "2614"]
[BlackElo "2895"]
[TimeControl "180+1"]
[EndTime "15:07:31 PDT"]
[Termination "stollenmonster won on time"]

1. e4 c5 2. Nf3 Nf6 3. e5 Nd5 4. Nc3 e6 5. Nxd5 exd5 6. d4 Nc6 7. dxc5 Bxc5 8. Bd3 d6 9. exd6 O-O 10. O-O Qxd6 11. a3 a5 12. Bg5 Bg4 13. Bh4 h6 14. Bg3 Qd7 15. Be2 Rfe8 16. Re1 Re4 17. Nd2 Rxe2 18. Rxe2 Nd4 19. Nf3 Nxf3+ 20. gxf3 Bxf3 21. Qd3 Bxe2 22. Qxe2 Re8 23. Qd3 h5 24. Rd1 b6 25. Qf3 Qh3 26. Qg2 Qg4 27. Rf1 Re2 28. h3 Qg5 0-1

[Event "Late-Titled-Tuesday-Blitz-June-18-2024"]
[Site "Chess.com"]
[Date "2024.06.18"]
[Round "6"]
[White "randomo"]
[Black "Tolya2"]
[Result "0-1"]
[WhiteElo "2314"]
[BlackElo "2460"]
[TimeControl "180+1"]
[EndTime "15:07:32 PDT"]
[Termination "Tolya2 won by resignation"]

1. e4 c5 2. c3 d5 3. exd5 Qxd5 4.
d4 Nf6 5. Nf3 Bg4 6. dxc5 Qxc5 7. Be3 Qc7 8. Qa4+ Nbd7 9. Nbd2 Bxf3 10. Nxf3 e6 11. Bb5 a6 12. Rd1 Rd8 13. Be2 Bc5 14.
Bxc5 Qxc5 15. Qb3 Qc7 16. O-O O-O 17. Qb4 Nd5 18. Qh4 N7f6 19. g3 Ne7 20. Bd3 h6 21. Rfe1 Rd5 22. Bc2 Rfd8 23. Kg2 Qc6 24. Rxd5 Rxd5 25.
Be4 Nxe4 26. Qxe4 Qd7 27. Ne5 Qd6 28. Nc4 Qd8 29. Re2 Nc6 30. h3 b5 31. Ne3 Rd6 32. Qc2 Ne5 33. Nf1 Qa8+ 0-1

[Event "Late-Titled-Tuesday-Blitz-June-18-2024"]
[Site "Chess.com"]
[Date "2024.06.18"]
[Round "6"]
[White "Hakiki_satranc"]
[Black "cristiano78"]
[Result "1-0"]
[WhiteElo "2438"]
[BlackElo "2228"]
[TimeControl "180+1"]
[EndTime "15:07:32 PDT"]
[Termination "Hakiki_satranc won by resignation"]

1. e3 e5 2. d4 exd4 3. Qxd4 Nf6 4. Qd1 d5 5. a3 Bd6 6. Nf3 c6 7. g3 h6 8. Bg2 Be6 9. O-O Qd7 10. b3 Bh3 11. Bb2 Bxg2 12. Kxg2 Na6 13. Bxf6 gxf6 14. c4 dxc4 15. bxc4 Nc5 16. Nbd2 O-O-O 17. Nb3 h5 18.
Nxc5 Bxc5 19. Qxd7+ Rxd7 20. a4 Rd3 21. Rfd1 Rhd8 22.
Rxd3 Rxd3 23. Kh3 Rc3 24. Kh4 Rxc4+ 25. Kxh5 Rc2 26. Rf1 Ra2 27. Kh6 Rxa4 28. Kg7 b5 29. h4 Rg4+ 30. Kxf7 Bxe3 31. fxe3 Rxg3 32. h5 Rh3 33.
Kg6 b4 34. h6 a5 35. h7 Kb7 36. Nd4 c5 37. Nf5 Rxh7 38. Kxh7 c4 39. Nd6+ Kc6 40. Nxc4 Kb5 41. Nxa5 Kxa5 42. Rxf6 b3 43. Rf8 Kb4 44. Rb8+ Kc3 45. e4 Kd4 46. Rxb3 Kxe4 47. Kg6 Kd4 48. Kf5 1-0

[Event "Late-Titled-Tuesday-Blitz-June-18-2024"]
[Site "Chess.com"]
[Date "2024.06.18"]
[Round "6"]
[White "Chessdreamer2020"]
[Black "Zampronha1971"]
[Result "1-0"]
[WhiteElo "2571"]
[BlackElo "2397"]
[TimeControl "180+1"]
[EndTime "15:07:34 PDT"]
[Termination "Chessdreamer2020 won by resignation"]

1. e4 c5 2. Nf3 e6 3. b3 d5 4. Bb5+ Nc6 5. Bxc6+ bxc6 6. e5 f5 7. d3 a5 8. a4 Ba6 9. c4 Ne7 10. h4 Rb8 11. Nbd2 Nc8 12. Bb2 Be7 13. Bc3 Qc7 14. Rb1 h6 15. h5 O-O 16. Qe2 Bd8 17. Nh4 Bxh4 18. Rxh4 d4 19. Bb2 Qe7 20. g3 Nb6 21. Ba3 Nd7 22. Nf3 Rb7 23. Rxd4 Qf7 24. Rh4 Rfb8 25.
Nd2 Qe7 26. Kf1 Qg5 27. Kg2 f4 28. Rxf4 Nxe5 29. Ne4 Qd8 30. Nxc5 1-0

[Event "Late-Titled-Tuesday-Blitz-June-18-2024"]
[Site "Chess.com"]
[Date "2024.06.18"]
[Round "6"]
[White "AlexOstrovskiy"]
[Black "tptagain"]
[Result "0-1"]
[WhiteElo "2722"]
[BlackElo "2950"]
[TimeControl "180+1"]
[EndTime "15:07:35 PDT"]
[Termination "tptagain won by resignation"]

1. e4 c5 2. Nc3 Nc6 3. Bb5 Nd4 4.
Nf3 e6 5. O-O a6 6. Bd3 Nc6 7.
Nd5 Bd6 8. Ne3 Bf4 9. Re1 Nf6 10.
c3 O-O 11. Bc2 Bxe3 12. Rxe3 e5 13. d4 d6 14. h3 Qe7 15. b3 b6 16. Ba3 g6 17. Qd2 Nh5 18. Rd1 Rd8 19. Qc1 Nf4 20.
b4 cxd4 21. cxd4 Nxd4 22. Nxd4 exd4 23. Rxd4 Qg5 24. Qf1 Nxh3+ 25. Rxh3 Bxh3 26. Rd5 Qg4 27. Bd1 Qxe4 28. Bf3 Qf4 29. Bc1 Qxf3 0-1

[Event "Late-Titled-Tuesday-Blitz-June-18-2024"]
[Site "Chess.com"]
[Date "2024.06.18"]
[Round "6"]
[White "Jimonios"]
[Black "drragnar1"]
[Result "1-0"]
[WhiteElo "2650"]
[BlackElo "2415"]
[TimeControl "180+1"]
[EndTime "15:07:35 PDT"]
[Termination "Jimonios won by resignation"]

1. Nc3 Nf6 2. e4 d6 3. d4 g6 4.
f4 Bg7 5. Nf3 O-O 6. Bd3 Nc6 7.
O-O Bg4 8. Be3 e5 9. dxe5 dxe5 10. h3 Bxf3 11. Qxf3 exf4 12. Bxf4 Nd7 13. Qg3 Nde5 14.
Nd5 Nxd3 15. Bxc7 Qd7 16. cxd3 Nd4 17. Kh1 f5 18. Be5 Rae8 19. Bxg7 Kxg7 20. Qf2 Nc6 21. b4 fxe4 22. Qb2+ Kh6 23. Rxf8 Rxf8 24. dxe4 Qe6 25. b5 Ne5 26. Rc1 g5 27. Qe2 g4 28. Qe3+ Kg6 29. Nf4+ Rxf4 30. Qxf4 Nd3 31. Qf5+ Qxf5 32. exf5+ Kxf5 33. hxg4+ Kxg4 34. Rc7 h5 35. Rxb7 h4 36.
Rxa7 Kg3 37. Ra3 1-0

[Event "Late-Titled-Tuesday-Blitz-June-18-2024"]
[Site "Chess.com"]
[Date "2024.06.18"]
[Round "6"]
[White "enriquebutti"]
[Black "divudis17"]
[Result "0-1"]
[WhiteElo "2096"]
[BlackElo "2337"]
[TimeControl "180+1"]
[EndTime "15:07:35 PDT"]
[Termination "divudis17 won by resignation"]

1. Nf3 Nf6 2. c4 c5 3. Nc3 Nc6 4. e3 e5 5. d4 e4 6. Nd2 cxd4 7. exd4 Bb4 8. d5 Ne5 9. Be2 d6 10. O-O Bxc3 11. bxc3 O-O 12. Nb3 b6 13. Bg5 h6 14.
Bh4 Ba6 15. Qd4 Rc8 16. Nd2 g5 17. Bg3 Re8 18. Rae1 Qc7 19. f4 exf3 20. Nxf3 Nfd7 21. Nxe5 Nxe5 22. Bxe5 Rxe5 23. Qf2 Qc5 24. Bh5 Qxf2+ 25.
Kxf2 Bxc4 26. Rxe5 dxe5 27. Rd1 Rd8 28. d6 Bxa2 29. Bf3 Be6 0-1

[Event "Late-Titled-Tuesday-Blitz-June-18-2024"]
[Site "Chess.com"]
[Date "2024.06.18"]
[Round "6"]
[White "pompey831"]
[Black "nindjaxx8"]
[Result "0-1"]
[WhiteElo "2519"]
[BlackElo "2723"]
[TimeControl "180+1"]
[EndTime "15:07:38 PDT"]
[Termination "nindjaxx8 won by resignation"]

1. d4 d5 2. c4 e6 3. Nf3 Nf6 4. g3 Be7 5. Bg2 O-O 6. Qc2 b6 7. cxd5 exd5 8. O-O Bb7 9. Nc3 Nbd7 10. Bf4 c5 11. Rad1 Rc8 12. Ne5 cxd4 13. Nxd7 Qxd7 14. Rxd4 Bc5 15. Rd3 d4 16. Bxb7 Qxb7 17. Nb1 Nd5 18. Bd2 Nf6 19. Qd1 Qd7 20. Bc3 Qh3 21. g4 Qxg4+ 22.
Rg3 Qh4 23. Bd2 Ne4 24. Rg2 Rc6 25. Be1 Rg6 26. f3 d3+ 27. Kh1 Qh3 0-1

[Event "Late-Titled-Tuesday-Blitz-June-18-2024"]
[Site "Chess.com"]
[Date "2024.06.18"]
[Round "6"]
[White "Road2GM3000"]
[Black "Sondremelaa"]
[Result "0-1"]
[WhiteElo "2455"]
[BlackElo "2621"]
[TimeControl "180+1"]
[EndTime "15:07:38 PDT"]
[Termination "Sondremelaa won by resignation"]

1. d4 d5 2. c4 e6 3. Nc3 a6 4. cxd5 exd5 5. Nf3 Nf6 6. Bg5 Be6 7. e3 Nbd7 8. Ne5 Be7 9. f4 c5 10.
Bd3 cxd4 11. exd4 Qb6 12. f5 Qxb2 13. fxe6 Nxe5 14. dxe5 Qxc3+ 15. Kf1 Qxe5 16. exf7+ Kxf7 17. g3 Qxg5 18. Kg2 Rhf8 19. Rf1 Kg8 20. Be2 Ne4 21. Qxd5+ Qxd5 0-1

[Event "Late-Titled-Tuesday-Blitz-June-18-2024"]
[Site "Chess.com"]
[Date "2024.06.18"]
[Round "6"]
[White "maurovargas01"]
[Black "jup1978"]
[Result "0-1"]
[WhiteElo "1954"]
[BlackElo "2446"]
[TimeControl "180+1"]
[EndTime "15:07:45 PDT"]
[Termination "jup1978 won by checkmate"]

1. e4 c6 2. Nc3 d5 3. d3 dxe4 4. Nxe4 Nf6 5. Nc3 g6 6. g3 Bg7 7. Bg2 O-O 8. Nf3 Be6 9. O-O Qc8 10. Ng5 Bg4 11. f3 Bd7 12. f4 h6 13. Nge4 Bh3 14.
Qf3 Bxg2 15. Qxg2 Nbd7 16. f5 Nxe4 17. Nxe4 Nf6 18. fxg6 fxg6 19. Bf4 Nxe4 20. Qxe4 Qf5 21. Qxe7 Bd4+ 22. Kg2 Rae8 23. Bd6 Qd5+ 24. Kh3 Rxe7 25. Rxf8+ Kxf8 26. Bxe7+ Kxe7 27. Re1+ Kf7 28. c3 Bf6 29.
Rf1 Qxd3 30. Rf2 Qd5 31. b3 Qd3 32. c4 Qe3 33. Kg2 Kg7 34. Rf3 Qe4 35. Kf2 Bd4+ 36. Kg2 g5 37. g4 Qxg4+ 38. Rg3 Qe2+ 39. Kh3 Qxa2 40. Kg4 Qe2+ 41. Kh3 Be5 42. b4 Kg6 43. b5 Qf1+ 44. Kg4 Qf5# 0-1

[Event "Late-Titled-Tuesday-Blitz-June-18-2024"]
[Site "Chess.com"]
[Date "2024.06.18"]
[Round "6"]
[White "reevecanada"]
[Black "ckgchess"]
[Result "0-1"]
[WhiteElo "2627"]
[BlackElo "2890"]
[TimeControl "180+1"]
[EndTime "15:07:46 PDT"]
[Termination "ckgchess won by checkmate"]

1. Nf3 g6 2. e4 Bg7 3. d4 c5 4. c3 cxd4 5. cxd4 d5 6. exd5 Nf6 7. d6 Qxd6 8. Nc3 O-O 9. Bd3 Nc6 10. Be3 Bg4 11. O-O Bxf3 12. Qxf3 Nxd4 13. Bxd4 Qxd4 14. Rad1 Qb4 15. Qe2 e6 16. a3 Qb6 17. b4 Rac8 18. Ne4 Nd5 19. Qf3 a5 20. b5 a4 21. Rc1 Bb2 22.
Rb1 Bg7 23. Rbc1 Rfd8 24. Bc4 Bb2 25. Rc2 Qd4 26. Rd1 Qe5 27. Rdd2 Bxa3 28. Qxa3 Qxe4 29. Bxd5 Qe1# 0-1

[Event "Late-Titled-Tuesday-Blitz-June-18-2024"]
[Site "Chess.com"]
[Date "2024.06.18"]
[Round "6"]
[White "YouShallNotPass001"]
[Black "kikoveiga"]
[Result "1-0"]
[WhiteElo "2446"]
[BlackElo "2707"]
[TimeControl "180+1"]
[EndTime "15:07:47 PDT"]
[Termination "YouShallNotPass001 won by resignation"]

1. Nf3 g6 2. e3 Bg7 3. d4 c5 4. c4 cxd4 5. exd4 d5 6. cxd5 Nf6 7. Bb5+ Bd7 8. Bc4 O-O 9. Nc3 Bg4 10. h3 Bf5 11. O-O Nbd7 12. Nh4 Nb6 13. Nxf5 Nxc4 14. Nxg7 Kxg7 15. Qb3 Nb6 16. Bg5 Qd7 17. Rfe1 Nfxd5 18. Ne4 Rfe8 19. a4 a5 20. h4 h6 21. Bd2 Qg4 22. g3 e6 23. f3 Qh3 24. Re2 Red8 25.
Rh2 Qf5 26. g4 Qxe4 27. fxe4 Nf6 28. Qf3 Nc4 29. Bc3 Nd7 30. b3 Nd6 31. g5 hxg5 32.
hxg5 Rh8 33. d5+ e5 34. Rxh8 Kxh8 35. Kf2 Kg8 36. Rh1 Rc8 37. Ke2 b5 38. Qh3 Kf8 39. Qxd7 Rxc3 40. Qxd6+ Kg8 41. Qxe5 Rc2+ 42. Ke3 1-0